3319 views
Uploaded 2019-12-11 19:17:24
Game version 1.32.0.4
31:34 long 3on3 ladder game on (6)RuinsOfStratholme
Saved by BEARAND
3319 views
Uploaded 2019-12-11 19:17:24
Game version 1.32.0.4
31:34 long 3on3 ladder game on (6)RuinsOfStratholme


79 units @ 6.4k
/ 0.1k
366 buildings @ 15.8k
/ 8.8k



x1)
| Staff of Sanctuary | 3 | 750 |
| Orb of Fire | 2 | 650 |
| Staff of Teleportation | 3 | 450 |
| Boots of Speed | 3 | 750 |
| Periapt of Vitality | 2 | 650 |
| Tome of Retraining | 1 | 300 |
| total: | 14 | 3550g |
| Peasant | 28 | 2100 | / | 0 |
| Priest | 1 | 135 | / | 10 |
| total: | 29 | 2235g | / | 10w |
| Scout Tower | 125 | 3750 | / | 2500 |
| Arcane Tower | 7 | 490 | / | 350 |
| Guard Tower | 33 | 2310 | / | 1650 |
| Altar of Kings | 1 | 180 | / | 50 |
| Farm | 5 | 400 | / | 100 |
| Lumber Mill | 1 | 120 | / | 0 |
| Town Hall | 1 | 385 | / | 205 |
| Arcane Vault | 3 | 390 | / | 90 |
| Arcane Sanctum | 1 | 150 | / | 140 |
| Keep | 1 | 320 | / | 210 |
| Castle | 1 | 360 | / | 210 |
| total: | 137 | 5375g | / | 3085w |
| 0:06 | Peasant |
| 0:06 | Peasant |
| 0:09 | Altar of Kings |
| 0:21 | Farm |
| 0:25 | Peasant |
| 0:25 | Peasant |
| 0:33 | Peasant |
| 0:45 | Lumber Mill |
| 0:53 | Peasant |
| 0:58 | Peasant |
| 1:03 | Scout Tower |
| 1:14 | Farm |
| 1:16 | Peasant |
| 1:38 | Peasant |
| 1:48 | Scout Tower |
| 1:59 | Scout Tower |
| 2:04 | Scout Tower |
| 2:05 | Peasant |
| 2:10 | Summon Water Elemental |
| 2:24 | Scout Tower |
| 2:25 | Scout Tower |
| 2:29 | Arcane Tower |
| 2:45 | Peasant |
| 2:55 | Peasant |
| 3:02 | Guard Tower |
| 3:11 | Peasant |
| 3:15 | Brilliance Aura |
| 3:35 | Peasant |
| 3:35 | Peasant |
| 3:39 | Guard Tower |
| 3:46 | Staff of Teleportation |
| 3:47 | Boots of Speed |
| 3:47 | Periapt of Vitality |
| 4:07 | Peasant |
| 4:40 | Keep |
| 4:49 | Scout Tower |
| 4:50 | Scout Tower |
| 5:02 | Scout Tower |
| 5:03 | Scout Tower |
| 5:09 | Improved Masonry |
| 5:22 | Guard Tower |
| 6:21 | Scout Tower |
| 6:21 | Scout Tower |
| 6:26 | Guard Tower |
| 6:30 | Arcane Tower |
| 6:36 | Scout Tower |
| 6:38 | Farm |
| 7:03 | Castle |
| 7:07 | Arcane Sanctum |
| 7:17 | Arcane Tower |
| 7:41 | Guard Tower |
| 7:49 | Scout Tower |
| 7:50 | Scout Tower |
| 7:57 | Summon Water Elemental |
| 8:25 | Storm Bolt |
| 8:30 | Arcane Tower |
| 8:31 | Guard Tower |
| 8:34 | Scout Tower |
| 8:35 | Scout Tower |
| 8:40 | Town Hall |
| 8:52 | Magic Sentry |
| 8:56 | Farm |
| 9:06 | Scout Tower |
| 9:07 | Scout Tower |
| 9:09 | Scout Tower |
| 9:50 | Scout Tower |
| 9:52 | Scout Tower |
| 9:58 | Peasant |
| 10:02 | Peasant |
| 10:12 | Arcane Vault |
| 10:13 | Arcane Vault |
| 10:31 | Peasant |
| 10:31 | Peasant |
| 10:46 | Guard Tower |
| 10:50 | Peasant |
| 10:50 | Peasant |
| 11:00 | Guard Tower |
| 11:11 | Improved Lumber Harvesting |
| 11:12 | Peasant |
| 11:12 | Peasant |
| 11:31 | Boots of Speed |
| 11:36 | Guard Tower |
| 11:38 | Scout Tower |
| 11:38 | Scout Tower |
| 11:41 | Peasant |
| 11:41 | Peasant |
| 11:49 | Scout Tower |
| 11:52 | Arcane Tower |
| 12:08 | Guard Tower |
| 12:10 | Scout Tower |
| 12:14 | Scout Tower |
| 12:16 | Peasant |
| 12:16 | Peasant |
| 12:22 | Arcane Vault |
| 12:33 | Staff of Sanctuary |
| 12:35 | Staff of Sanctuary |
| 12:40 | Holy Light |
| 12:47 | Priest |
| 12:48 | Priest Adept Training |
| 12:52 | Guard Tower |
| 12:54 | Guard Tower |
| 12:58 | Guard Tower |
| 13:14 | Boots of Speed |
| 13:27 | Periapt of Vitality |
| 13:51 | Scout Tower |
| 13:52 | Scout Tower |
| 13:57 | Scout Tower |
| 13:57 | Scout Tower |
| 13:58 | Scout Tower |
| 13:59 | Scout Tower |
| 14:00 | Scout Tower |
| 14:01 | Scout Tower |
| 14:01 | Scout Tower |
| 14:02 | Scout Tower |
| 14:03 | Scout Tower |
| 14:12 | Scout Tower |
| 14:13 | Scout Tower |
| 14:13 | Scout Tower |
| 14:14 | Scout Tower |
| 14:14 | Scout Tower |
| 14:15 | Scout Tower |
| 14:16 | Scout Tower |
| 14:16 | Scout Tower |
| 14:18 | Scout Tower |
| 14:19 | Scout Tower |
| 14:20 | Scout Tower |
| 14:20 | Scout Tower |
| 14:21 | Scout Tower |
| 14:25 | Priest Master Training |
| 14:39 | Bash |
| 16:42 | Guard Tower |
| 16:47 | Staff of Teleportation |
| 17:22 | Scout Tower |
| 17:22 | Scout Tower |
| 17:22 | Scout Tower |
| 17:23 | Scout Tower |
| 17:23 | Scout Tower |
| 17:24 | Scout Tower |
| 17:24 | Scout Tower |
| 17:25 | Scout Tower |
| 17:26 | Scout Tower |
| 17:27 | Scout Tower |
| 17:27 | Scout Tower |
| 17:28 | Scout Tower |
| 17:30 | Scout Tower |
| 17:31 | Scout Tower |
| 17:31 | Scout Tower |
| 17:32 | Scout Tower |
| 17:32 | Scout Tower |
| 17:33 | Scout Tower |
| 17:34 | Scout Tower |
| 17:35 | Scout Tower |
| 17:38 | Scout Tower |
| 17:39 | Scout Tower |
| 17:39 | Scout Tower |
| 17:40 | Scout Tower |
| 17:40 | Scout Tower |
| 17:41 | Scout Tower |
| 17:47 | Guard Tower |
| 17:50 | Scout Tower |
| 17:50 | Scout Tower |
| 17:51 | Scout Tower |
| 17:52 | Scout Tower |
| 17:56 | Scout Tower |
| 17:57 | Scout Tower |
| 17:58 | Scout Tower |
| 17:59 | Scout Tower |
| 18:14 | Staff of Sanctuary |
| 18:24 | Guard Tower |
| 18:45 | Guard Tower |
| 18:49 | Advanced Lumber Harvesting |
| 19:33 | Brilliance Aura |
| 19:39 | Guard Tower |
| 19:41 | Guard Tower |
| 19:59 | Guard Tower |
| 20:20 | Guard Tower |
| 20:40 | Guard Tower |
| 20:44 | Advanced Masonry |
| 21:17 | Farm |
| 21:22 | Staff of Teleportation |
| 21:27 | Guard Tower |
| 21:35 | Tome of Retraining |
| 21:35 | Retrain Hero |
| 21:40 | Blizzard |
| 21:40 | Brilliance Aura |
| 21:40 | Brilliance Aura |
| 21:45 | Orb of Fire |
| 21:53 | Orb of Fire |
| 22:13 | Scout Tower |
| 22:13 | Scout Tower |
| 22:14 | Scout Tower |
| 22:15 | Scout Tower |
| 22:15 | Scout Tower |
| 22:16 | Scout Tower |
| 22:17 | Scout Tower |
| 22:17 | Scout Tower |
| 22:21 | Scout Tower |
| 22:22 | Scout Tower |
| 22:23 | Scout Tower |
| 22:23 | Scout Tower |
| 22:24 | Scout Tower |
| 23:04 | Guard Tower |
| 23:41 | Guard Tower |
| 23:44 | Scout Tower |
| 23:45 | Scout Tower |
| 23:45 | Scout Tower |
| 23:46 | Scout Tower |
| 23:54 | Scout Tower |
| 23:55 | Scout Tower |
| 24:23 | Guard Tower |
| 25:09 | Guard Tower |
| 25:25 | Scout Tower |
| 25:26 | Scout Tower |
| 25:27 | Scout Tower |
| 25:27 | Scout Tower |
| 25:28 | Scout Tower |
| 25:32 | Guard Tower |
| 26:14 | Scout Tower |
| 26:14 | Scout Tower |
| 26:15 | Scout Tower |
| 26:15 | Scout Tower |
| 26:16 | Scout Tower |
| 26:17 | Scout Tower |
| 26:25 | Guard Tower |
| 26:55 | Divine Shield |
| 27:29 | Guard Tower |
| 27:30 | Scout Tower |
| 27:30 | Scout Tower |
| 27:31 | Scout Tower |
| 27:32 | Scout Tower |
| 27:33 | Scout Tower |
| 27:33 | Scout Tower |
| 28:11 | Guard Tower |
| 28:12 | Scout Tower |
| 28:13 | Scout Tower |
| 28:13 | Scout Tower |
| 28:14 | Scout Tower |
| 28:16 | Guard Tower |
| 28:33 | Imbued Masonry |
| 28:38 | Guard Tower |
| 28:46 | Arcane Tower |
| 29:05 | Arcane Tower |
| 31:15 | Storm Bolt |
| Right click | 2405 |
| Select group | 1978 |
| Select | 372 |
| Build/train/purchase | 247 |
| Use ability | 117 |
| Chat | 90 |
| Misc. action | 77 |
| Assign group | 14 |
| Minimap ping | 12 |
| Item give/drop | 6 |
| Esc | 4 |



x1)
| Potion of Healing | 1 | 150 |
| Orb of Fire | 2 | 650 |
| Staff of Sanctuary | 3 | 750 |
| Boots of Speed | 3 | 750 |
| Staff of Teleportation | 3 | 450 |
| Tome of Retraining | 1 | 300 |
| Potion of Lesser Invulnerability | 1 | 150 |
| Periapt of Vitality | 1 | 325 |
| total: | 15 | 3525g |
| Peasant | 25 | 1875 | / | 0 |
| Priest | 2 | 270 | / | 20 |
| Sorceress | 1 | 155 | / | 20 |
| Dragonhawk Rider | 2 | 400 | / | 60 |
| total: | 30 | 2700g | / | 100w |
| Scout Tower | 152 | 4560 | / | 3040 |
| Arcane Tower | 6 | 420 | / | 300 |
| Guard Tower | 51 | 3570 | / | 2550 |
| Altar of Kings | 1 | 180 | / | 50 |
| Farm | 5 | 400 | / | 100 |
| Lumber Mill | 1 | 120 | / | 0 |
| Arcane Vault | 2 | 260 | / | 60 |
| Town Hall | 2 | 770 | / | 410 |
| Blacksmith | 1 | 140 | / | 60 |
| Barracks | 1 | 160 | / | 60 |
| Arcane Sanctum | 1 | 150 | / | 140 |
| Gryphon Aviary | 1 | 140 | / | 150 |
| Keep | 1 | 320 | / | 210 |
| Castle | 1 | 360 | / | 210 |
| total: | 167 | 6880g | / | 4070w |
| 0:03 | Peasant |
| 0:04 | Peasant |
| 0:07 | Altar of Kings |
| 0:13 | Peasant |
| 0:23 | Farm |
| 0:32 | Peasant |
| 0:45 | Peasant |
| 0:50 | Farm |
| 0:59 | Peasant |
| 1:20 | Peasant |
| 1:22 | Lumber Mill |
| 1:41 | Scout Tower |
| 1:44 | Peasant |
| 1:55 | Scout Tower |
| 1:59 | Peasant |
| 2:07 | Summon Water Elemental |
| 2:19 | Arcane Tower |
| 2:20 | Scout Tower |
| 2:30 | Guard Tower |
| 2:31 | Scout Tower |
| 2:33 | Peasant |
| 2:33 | Peasant |
| 2:45 | Peasant |
| 2:47 | Guard Tower |
| 2:58 | Guard Tower |
| 3:14 | Peasant |
| 3:14 | Peasant |
| 3:24 | Scout Tower |
| 3:24 | Scout Tower |
| 3:25 | Scout Tower |
| 3:25 | Scout Tower |
| 3:58 | Keep |
| 4:01 | Improved Masonry |
| 4:13 | Boots of Speed |
| 4:29 | Guard Tower |
| 4:31 | Scout Tower |
| 4:31 | Scout Tower |
| 4:49 | Brilliance Aura |
| 4:52 | Farm |
| 4:55 | Arcane Vault |
| 5:08 | Guard Tower |
| 5:10 | Scout Tower |
| 5:11 | Scout Tower |
| 5:11 | Scout Tower |
| 5:12 | Scout Tower |
| 5:48 | Guard Tower |
| 5:50 | Scout Tower |
| 5:51 | Scout Tower |
| 5:53 | Scout Tower |
| 5:53 | Scout Tower |
| 5:54 | Scout Tower |
| 5:54 | Scout Tower |
| 6:37 | Arcane Sanctum |
| 6:49 | Peasant |
| 6:59 | Potion of Healing |
| 7:10 | Guard Tower |
| 7:11 | Guard Tower |
| 7:18 | Storm Bolt |
| 8:05 | Town Hall |
| 8:20 | Scout Tower |
| 8:20 | Scout Tower |
| 8:21 | Scout Tower |
| 8:21 | Scout Tower |
| 8:21 | Scout Tower |
| 8:22 | Scout Tower |
| 8:44 | Bash |
| 8:48 | Guard Tower |
| 9:37 | Scout Tower |
| 9:49 | Guard Tower |
| 9:49 | Guard Tower |
| 9:55 | Scout Tower |
| 9:56 | Scout Tower |
| 10:03 | Guard Tower |
| 10:05 | Scout Tower |
| 10:05 | Scout Tower |
| 10:06 | Scout Tower |
| 10:06 | Scout Tower |
| 10:07 | Scout Tower |
| 10:07 | Scout Tower |
| 10:14 | Arcane Tower |
| 10:17 | Magic Sentry |
| 10:17 | Priest |
| 10:27 | Staff of Teleportation |
| 10:36 | Boots of Speed |
| 10:47 | Peasant |
| 10:57 | Arcane Tower |
| 11:15 | Guard Tower |
| 11:45 | Summon Water Elemental |
| 12:13 | Castle |
| 12:18 | Scout Tower |
| 12:19 | Scout Tower |
| 12:19 | Scout Tower |
| 12:20 | Scout Tower |
| 12:20 | Scout Tower |
| 12:20 | Scout Tower |
| 12:22 | Advanced Masonry |
| 12:23 | Improved Lumber Harvesting |
| 12:27 | Scout Tower |
| 12:28 | Scout Tower |
| 12:29 | Scout Tower |
| 12:30 | Scout Tower |
| 12:31 | Scout Tower |
| 12:31 | Scout Tower |
| 12:32 | Scout Tower |
| 12:32 | Scout Tower |
| 12:33 | Scout Tower |
| 12:35 | Peasant |
| 12:35 | Peasant |
| 12:46 | Farm |
| 12:47 | Farm |
| 12:53 | Arcane Vault |
| 13:10 | Guard Tower |
| 13:21 | Guard Tower |
| 13:22 | Guard Tower |
| 13:50 | Storm Bolt |
| 14:11 | Peasant |
| 14:11 | Peasant |
| 14:11 | Peasant |
| 14:13 | Guard Tower |
| 14:51 | Priest |
| 14:52 | Sorceress |
| 14:52 | Sorceress Adept Training |
| 15:12 | Guard Tower |
| 15:14 | Advanced Lumber Harvesting |
| 15:24 | Scout Tower |
| 15:24 | Scout Tower |
| 15:25 | Scout Tower |
| 15:33 | Guard Tower |
| 15:35 | Scout Tower |
| 15:35 | Scout Tower |
| 15:36 | Scout Tower |
| 16:12 | Holy Light |
| 16:16 | Guard Tower |
| 16:18 | Scout Tower |
| 16:19 | Scout Tower |
| 16:20 | Imbued Masonry |
| 16:24 | Town Hall |
| 16:27 | Scout Tower |
| 16:28 | Scout Tower |
| 16:28 | Scout Tower |
| 16:28 | Scout Tower |
| 16:29 | Scout Tower |
| 16:29 | Scout Tower |
| 17:21 | Guard Tower |
| 17:24 | Scout Tower |
| 17:43 | Scout Tower |
| 17:44 | Scout Tower |
| 17:44 | Scout Tower |
| 17:45 | Scout Tower |
| 17:45 | Scout Tower |
| 17:45 | Scout Tower |
| 17:47 | Scout Tower |
| 17:47 | Scout Tower |
| 17:48 | Scout Tower |
| 17:48 | Scout Tower |
| 17:49 | Scout Tower |
| 17:49 | Scout Tower |
| 17:51 | Guard Tower |
| 17:56 | Peasant |
| 17:56 | Peasant |
| 17:56 | Peasant |
| 18:12 | Guard Tower |
| 18:13 | Guard Tower |
| 18:14 | Guard Tower |
| 18:23 | Guard Tower |
| 18:24 | Guard Tower |
| 18:29 | Guard Tower |
| 18:39 | Backpack |
| 18:50 | Guard Tower |
| 18:54 | Guard Tower |
| 18:55 | Guard Tower |
| 19:12 | Guard Tower |
| 19:21 | Guard Tower |
| 19:27 | Guard Tower |
| 19:37 | Tome of Retraining |
| 19:37 | Retrain Hero |
| 19:38 | Potion of Lesser Invulnerability |
| 19:39 | Blizzard |
| 19:39 | Brilliance Aura |
| 19:39 | Blizzard |
| 20:05 | Orb of Fire |
| 20:06 | Staff of Sanctuary |
| 20:10 | Staff of Sanctuary |
| 20:16 | Guard Tower |
| 20:20 | Scout Tower |
| 20:21 | Scout Tower |
| 20:22 | Scout Tower |
| 20:22 | Scout Tower |
| 20:25 | Scout Tower |
| 20:25 | Scout Tower |
| 20:26 | Scout Tower |
| 20:26 | Scout Tower |
| 20:26 | Scout Tower |
| 20:26 | Scout Tower |
| 20:37 | Boots of Speed |
| 20:37 | Staff of Teleportation |
| 20:43 | Periapt of Vitality |
| 21:17 | Gryphon Aviary |
| 21:17 | Blacksmith |
| 21:20 | Barracks |
| 21:31 | Scout Tower |
| 21:32 | Scout Tower |
| 21:32 | Scout Tower |
| 21:33 | Scout Tower |
| 21:33 | Scout Tower |
| 21:34 | Scout Tower |
| 21:34 | Scout Tower |
| 21:34 | Scout Tower |
| 22:14 | Staff of Sanctuary |
| 22:18 | Orb of Fire |
| 22:27 | Guard Tower |
| 23:20 | Staff of Teleportation |
| 23:45 | Guard Tower |
| 24:09 | Scout Tower |
| 24:10 | Scout Tower |
| 24:10 | Scout Tower |
| 25:09 | Guard Tower |
| 25:10 | Scout Tower |
| 25:11 | Scout Tower |
| 25:12 | Scout Tower |
| 25:12 | Scout Tower |
| 25:14 | Scout Tower |
| 25:14 | Scout Tower |
| 25:15 | Scout Tower |
| 25:47 | Guard Tower |
| 25:48 | Guard Tower |
| 26:23 | Brilliance Aura |
| 26:25 | Divine Shield |
| 26:32 | Guard Tower |
| 26:34 | Peasant |
| 26:37 | Dragonhawk Rider |
| 26:38 | Iron Forged Swords |
| 26:38 | Studded Leather Armor |
| 26:38 | Animal War Training |
| 26:40 | Scout Tower |
| 26:41 | Scout Tower |
| 26:41 | Scout Tower |
| 26:41 | Scout Tower |
| 26:42 | Scout Tower |
| 26:42 | Scout Tower |
| 26:42 | Scout Tower |
| 26:43 | Scout Tower |
| 26:43 | Scout Tower |
| 26:43 | Scout Tower |
| 26:44 | Scout Tower |
| 26:44 | Scout Tower |
| 26:44 | Scout Tower |
| 26:45 | Scout Tower |
| 27:17 | Scout Tower |
| 27:18 | Scout Tower |
| 27:18 | Scout Tower |
| 27:19 | Scout Tower |
| 27:19 | Scout Tower |
| 27:20 | Scout Tower |
| 27:21 | Scout Tower |
| 27:21 | Scout Tower |
| 27:22 | Scout Tower |
| 27:22 | Scout Tower |
| 27:23 | Scout Tower |
| 27:23 | Scout Tower |
| 27:24 | Scout Tower |
| 27:27 | Guard Tower |
| 27:38 | Arcane Tower |
| 28:04 | Guard Tower |
| 28:34 | Guard Tower |
| 28:35 | Guard Tower |
| 28:38 | Scout Tower |
| 28:39 | Scout Tower |
| 28:39 | Scout Tower |
| 28:40 | Scout Tower |
| 28:40 | Scout Tower |
| 28:40 | Scout Tower |
| 28:41 | Scout Tower |
| 28:41 | Scout Tower |
| 28:42 | Scout Tower |
| 28:42 | Scout Tower |
| 28:42 | Scout Tower |
| 29:07 | Scout Tower |
| 29:07 | Scout Tower |
| 29:08 | Scout Tower |
| 29:08 | Scout Tower |
| 29:09 | Scout Tower |
| 29:09 | Scout Tower |
| 29:10 | Scout Tower |
| 29:10 | Scout Tower |
| 29:17 | Guard Tower |
| 29:20 | Dragonhawk Rider |
| 30:09 | Arcane Tower |
| 30:09 | Arcane Tower |
| 30:11 | Guard Tower |
| 30:31 | Guard Tower |
| 30:33 | Scout Tower |
| 31:04 | Bash |
| Right click | 2428 |
| Select | 704 |
| Select group | 420 |
| Build/train/purchase | 196 |
| Use ability | 94 |
| Chat | 52 |
| Assign group | 39 |
| Resource trade | 18 |
| Minimap ping | 14 |
| Misc. action | 9 |
| Item give/drop | 5 |
| Remove unit | 2 |



x1)
| Staff of Sanctuary | 3 | 750 |
| Orb of Fire | 1 | 325 |
| Staff of Teleportation | 3 | 450 |
| Tome of Retraining | 1 | 300 |
| total: | 8 | 1825g |
| Peasant | 20 | 1500 | / | 0 |
| total: | 20 | 1500g | / | 0w |
| Scout Tower | 44 | 1320 | / | 880 |
| Guard Tower | 36 | 2520 | / | 1800 |
| Altar of Kings | 3 | 540 | / | 150 |
| Lumber Mill | 2 | 240 | / | 0 |
| Farm | 10 | 800 | / | 200 |
| Arcane Vault | 1 | 130 | / | 30 |
| Town Hall | 1 | 385 | / | 205 |
| Arcane Sanctum | 1 | 150 | / | 140 |
| Keep | 2 | 640 | / | 420 |
| Castle | 2 | 720 | / | 420 |
| total: | 62 | 3565g | / | 1605w |
| 0:02 | Peasant |
| 0:07 | Altar of Kings |
| 0:19 | Lumber Mill |
| 0:22 | Peasant |
| 0:27 | Farm |
| 0:30 | Peasant |
| 0:43 | Peasant |
| 0:55 | Peasant |
| 1:13 | Peasant |
| 1:40 | Scout Tower |
| 1:41 | Peasant |
| 1:45 | Farm |
| 1:52 | Scout Tower |
| 1:56 | Peasant |
| 2:02 | Scout Tower |
| 2:03 | Scout Tower |
| 2:08 | Scout Tower |
| 2:10 | Guard Tower |
| 2:22 | Peasant |
| 2:23 | Guard Tower |
| 2:26 | Scout Tower |
| 2:33 | Scout Tower |
| 2:34 | Guard Tower |
| 2:59 | Summon Water Elemental |
| 3:15 | Peasant |
| 3:16 | Peasant |
| 3:24 | Guard Tower |
| 3:26 | Scout Tower |
| 3:37 | Guard Tower |
| 3:38 | Scout Tower |
| 3:39 | Scout Tower |
| 3:43 | Peasant |
| 3:55 | Guard Tower |
| 3:57 | Scout Tower |
| 4:10 | Staff of Teleportation |
| 4:27 | Brilliance Aura |
| 4:37 | Guard Tower |
| 4:40 | Scout Tower |
| 4:40 | Scout Tower |
| 4:41 | Scout Tower |
| 5:17 | Arcane Vault |
| 5:18 | Guard Tower |
| 5:25 | Peasant |
| 5:30 | Improved Masonry |
| 6:24 | Scout Tower |
| 6:26 | Keep |
| 6:29 | Guard Tower |
| 6:37 | Guard Tower |
| 6:43 | Guard Tower |
| 6:52 | Scout Tower |
| 6:54 | Scout Tower |
| 6:59 | Scout Tower |
| 8:02 | Guard Tower |
| 8:09 | Scout Tower |
| 8:09 | Scout Tower |
| 8:10 | Scout Tower |
| 8:11 | Scout Tower |
| 8:11 | Scout Tower |
| 8:25 | Guard Tower |
| 8:26 | Scout Tower |
| 8:27 | Scout Tower |
| 9:04 | Summon Water Elemental |
| 9:27 | Guard Tower |
| 9:29 | Scout Tower |
| 9:39 | Farm |
| 9:40 | Farm |
| 9:56 | Castle |
| 9:56 | Guard Tower |
| 9:59 | Scout Tower |
| 10:01 | Guard Tower |
| 10:05 | Arcane Sanctum |
| 10:15 | Scout Tower |
| 10:15 | Scout Tower |
| 10:27 | Guard Tower |
| 10:32 | Advanced Masonry |
| 11:03 | Farm |
| 11:05 | Improved Lumber Harvesting |
| 11:05 | Imbued Masonry |
| 11:25 | Guard Tower |
| 11:29 | Scout Tower |
| 11:31 | Scout Tower |
| 11:40 | Storm Bolt |
| 12:13 | Magic Sentry |
| 12:29 | Staff of Teleportation |
| 12:32 | Guard Tower |
| 12:52 | Staff of Sanctuary |
| 12:59 | Guard Tower |
| 13:15 | Holy Light |
| 13:44 | Town Hall |
| 14:04 | Scout Tower |
| 14:11 | Peasant |
| 14:11 | Peasant |
| 15:10 | Staff of Teleportation |
| 15:13 | Tome of Retraining |
| 15:13 | Retrain Hero |
| 15:15 | Blizzard |
| 15:16 | Brilliance Aura |
| 15:28 | Staff of Sanctuary |
| 16:16 | Scout Tower |
| 16:16 | Scout Tower |
| 16:17 | Scout Tower |
| 16:38 | Scout Tower |
| 16:39 | Scout Tower |
| 16:39 | Scout Tower |
| 16:40 | Scout Tower |
| 16:40 | Scout Tower |
| 16:41 | Scout Tower |
| 16:41 | Scout Tower |
| 17:12 | Guard Tower |
| 17:30 | Peasant |
| 17:36 | Guard Tower |
| 17:38 | Scout Tower |
| 17:38 | Scout Tower |
| 17:53 | Staff of Sanctuary |
| 17:53 | Orb of Fire |
| 18:15 | Guard Tower |
| 18:37 | Altar of Kings |
| 18:58 | Lumber Mill |
| 19:02 | Peasant |
| 19:03 | Peasant |
| 19:19 | Peasant |
| 19:35 | Farm |
| 19:36 | Farm |
| 19:45 | Guard Tower |
| 20:22 | Peasant |
| 21:16 | Keep |
| 21:45 | Bash |
| 21:58 | Farm |
| 26:21 | Altar of Kings |
| 26:27 | Brilliance Aura |
| 26:38 | Farm |
| 26:40 | Farm |
| 30:01 | Divine Shield |
| Right click | 2233 |
| Select | 1015 |
| Select group | 258 |
| Assign group | 234 |
| Build/train/purchase | 168 |
| Use ability | 99 |
| Minimap ping | 19 |
| Item give/drop | 5 |
| Misc. action | 2 |
| Esc | 2 |
141 units @ 22.4k
/ 3.4k
71 buildings @ 10.6k
/ 4.4k


| Rod of Necromancy | 1 | 150 |
| Orb of Corruption | 1 | 375 |
| Potion of Mana | 1 | 200 |
| Scroll of Healing | 1 | 250 |
| Potion of Lesser Invulnerability | 1 | 150 |
| total: | 5 | 1125g |
| Acolyte | 11 | 825 | / | 0 |
| Ghoul | 7 | 840 | / | 0 |
| Crypt Fiend | 13 | 2795 | / | 520 |
| Obsidian Statue | 4 | 800 | / | 140 |
| Banshee | 6 | 930 | / | 180 |
| Abomination | 7 | 1680 | / | 490 |
| Meat Wagon | 2 | 460 | / | 100 |
| total: | 50 | 8330g | / | 1430w |
| Altar of Darkness | 1 | 180 | / | 50 |
| Crypt | 1 | 200 | / | 50 |
| Ziggurat | 12 | 1800 | / | 600 |
| Tomb of Relics | 1 | 130 | / | 30 |
| Graveyard | 1 | 215 | / | 0 |
| Necropolis | 3 | 675 | / | 0 |
| Slaughterhouse | 2 | 280 | / | 270 |
| Temple of the Damned | 1 | 155 | / | 140 |
| Halls of the Dead | 1 | 320 | / | 210 |
| Black Citadel | 1 | 325 | / | 230 |
| total: | 22 | 3635g | / | 1140w |
| 0:09 | Altar of Darkness |
| 0:11 | Crypt |
| 0:15 | Acolyte |
| 0:34 | Ziggurat |
| 0:38 | Acolyte |
| 0:38 | Acolyte |
| 1:10 | Tomb of Relics |
| 1:22 | Ghoul |
| 1:39 | Ghoul |
| 1:59 | Graveyard |
| 2:03 | Ghoul |
| 2:18 | Ghoul |
| 2:24 | Rod of Necromancy |
| 2:27 | Death Coil |
| 3:20 | Crypt Fiend |
| 3:33 | Halls of the Dead |
| 3:51 | Ghoul |
| 4:17 | Ziggurat |
| 5:01 | Unholy Aura |
| 5:08 | Creature Attack |
| 5:09 | Crypt Fiend |
| 5:23 | Crypt Fiend |
| 5:28 | Ziggurat |
| 6:19 | Black Citadel |
| 6:45 | Crypt Fiend |
| 6:54 | Frost Nova |
| 7:27 | Ghoul |
| 8:04 | Slaughterhouse |
| 8:06 | Ziggurat |
| 8:12 | Temple of the Damned |
| 8:20 | Ghoul |
| 8:30 | Death Coil |
| 9:01 | Web |
| 9:04 | Orb of Corruption |
| 9:13 | Crypt Fiend |
| 9:15 | Obsidian Statue |
| 9:24 | Banshee |
| 9:34 | Acolyte |
| 9:58 | Frost Armor |
| 10:23 | Banshee |
| 10:27 | Obsidian Statue |
| 10:47 | Scroll of Healing |
| 10:53 | Potion of Lesser Invulnerability |
| 11:12 | Ziggurat |
| 12:20 | Crypt Fiend |
| 13:07 | Necropolis |
| 13:58 | Potion of Mana |
| 14:13 | Abomination |
| 14:18 | Banshee |
| 14:32 | Acolyte |
| 14:43 | Acolyte |
| 14:52 | Acolyte |
| 14:54 | Acolyte |
| 14:57 | Disease Cloud |
| 15:44 | Unholy Armor |
| 15:46 | Banshee |
| 15:48 | Abomination |
| 15:51 | Crypt Fiend |
| 17:29 | Acolyte |
| 17:37 | Banshee Adept Training |
| 17:39 | Obsidian Statue |
| 17:39 | Obsidian Statue |
| 17:42 | Crypt Fiend |
| 17:43 | Crypt Fiend |
| 17:45 | Improved Creature Attack |
| 18:31 | Unholy Aura |
| 19:04 | Improved Unholy Armor |
| 19:10 | Abomination |
| 19:22 | Frost Nova |
| 19:33 | Acolyte |
| 19:33 | Acolyte |
| 20:14 | Advanced Creature Attack |
| 20:16 | Necromancer Adept Training |
| 20:25 | Slaughterhouse |
| 20:28 | Ziggurat |
| 20:30 | Ziggurat |
| 20:41 | Destroyer Form |
| 21:25 | Burrow |
| 21:38 | Crypt Fiend |
| 21:40 | Abomination |
| 21:40 | Abomination |
| 21:42 | Banshee |
| 21:48 | Advanced Unholy Armor |
| 22:05 | Ziggurat |
| 22:06 | Ziggurat |
| 22:07 | Ziggurat |
| 22:07 | Ziggurat |
| 22:07 | Ziggurat |
| 23:57 | Creature Carapace |
| 23:58 | Unholy Strength |
| 24:44 | Crypt Fiend |
| 25:55 | Frost Armor |
| 26:54 | Necropolis |
| 28:27 | Crypt Fiend |
| 28:29 | Abomination |
| 28:29 | Abomination |
| 28:33 | Improved Creature Carapace |
| 28:39 | Banshee |
| 29:12 | Necropolis |
| 29:56 | Crypt Fiend |
| 29:59 | Improved Unholy Strength |
| 30:56 | Meat Wagon |
| 30:58 | Meat Wagon |
| Right click | 965 |
| Select | 421 |
| Select group | 254 |
| Misc. action | 137 |
| Chat | 103 |
| Build/train/purchase | 100 |
| Use ability | 35 |
| Assign group | 34 |
| Minimap ping | 19 |
| Item give/drop | 2 |



| Scroll of Town Portal | 1 | 350 |
| Scroll of Healing | 1 | 250 |
| Circlet of Nobility | 3 | 525 |
| Periapt of Vitality | 1 | 325 |
| Scroll of Protection | 1 | 150 |
| total: | 7 | 1600g |
| Peasant | 16 | 1200 | / | 0 |
| Footman | 4 | 540 | / | 0 |
| Rifleman | 7 | 1435 | / | 210 |
| Priest | 5 | 675 | / | 50 |
| Knight | 2 | 490 | / | 120 |
| Gryphon Rider | 1 | 280 | / | 70 |
| Forest Troll High Priest | 1 | 305 | / | 40 |
| total: | 36 | 4925g | / | 490w |
| Farm | 12 | 960 | / | 240 |
| Barracks | 3 | 480 | / | 180 |
| Altar of Kings | 1 | 180 | / | 50 |
| Blacksmith | 1 | 140 | / | 60 |
| Town Hall | 1 | 385 | / | 205 |
| Lumber Mill | 2 | 240 | / | 0 |
| Arcane Sanctum | 2 | 300 | / | 280 |
| Gryphon Aviary | 3 | 420 | / | 450 |
| Keep | 1 | 320 | / | 210 |
| Castle | 1 | 360 | / | 210 |
| total: | 25 | 3105g | / | 1465w |
| 0:06 | Farm |
| 0:08 | Barracks |
| 0:09 | Altar of Kings |
| 0:10 | Peasant |
| 0:24 | Peasant |
| 0:46 | Peasant |
| 0:55 | Peasant |
| 1:14 | Footman |
| 1:15 | Peasant |
| 1:27 | Footman |
| 1:29 | Farm |
| 1:31 | Peasant |
| 1:33 | Peasant |
| 2:01 | Footman |
| 2:03 | Barracks |
| 2:08 | Blacksmith |
| 2:13 | Holy Light |
| 2:17 | Footman |
| 2:20 | Peasant |
| 2:43 | Barracks |
| 3:20 | Keep |
| 3:31 | Farm |
| 3:33 | Farm |
| 3:55 | Divine Shield |
| 4:11 | Rifleman |
| 4:20 | Black Gunpowder |
| 4:49 | Rifleman |
| 5:16 | Farm |
| 5:19 | Farm |
| 5:22 | Studded Leather Armor |
| 6:15 | Town Hall |
| 6:22 | Holy Light |
| 6:38 | Rifleman |
| 6:46 | Peasant |
| 6:47 | Peasant |
| 6:55 | Lumber Mill |
| 6:57 | Lumber Mill |
| 7:25 | Circlet of Nobility |
| 7:35 | Peasant |
| 8:14 | Peasant |
| 8:21 | Improved Lumber Harvesting |
| 8:23 | Peasant |
| 8:54 | Rifleman |
| 8:56 | Peasant |
| 8:57 | Improved Masonry |
| 9:12 | Divine Shield |
| 9:30 | Farm |
| 9:34 | Farm |
| 9:37 | Refined Gunpowder |
| 9:43 | Storm Bolt |
| 9:54 | Forest Troll High Priest |
| 10:07 | Rifleman |
| 10:36 | Peasant |
| 10:36 | Peasant |
| 10:39 | Castle |
| 11:01 | Reinforced Leather Armor |
| 12:01 | Farm |
| 12:03 | Farm |
| 12:07 | Arcane Sanctum |
| 12:12 | Arcane Sanctum |
| 12:36 | Iron Plating |
| 12:38 | Rifleman |
| 12:40 | Rifleman |
| 12:44 | Farm |
| 12:48 | Periapt of Vitality |
| 12:48 | Circlet of Nobility |
| 13:01 | Farm |
| 13:10 | Imbued Gunpowder |
| 13:31 | Priest Adept Training |
| 13:33 | Priest |
| 13:42 | Advanced Masonry |
| 13:58 | Priest |
| 14:10 | Knight |
| 14:20 | Priest |
| 14:21 | Priest |
| 14:23 | Dragonhide Armor |
| 14:26 | Animal War Training |
| 14:46 | Priest Master Training |
| 14:53 | Long Rifles |
| 15:35 | Sundering Blades |
| 15:36 | Steel Plating |
| 16:27 | Knight |
| 16:28 | Priest |
| 16:42 | Thunder Clap |
| 17:39 | Iron Forged Swords |
| 17:43 | Imbued Masonry |
| 18:36 | Mithril Plating |
| 18:42 | Gryphon Aviary |
| 18:42 | Gryphon Aviary |
| 18:43 | Gryphon Aviary |
| 18:47 | Storm Bolt |
| 19:28 | Steel Forged Swords |
| 19:31 | Advanced Lumber Harvesting |
| 20:28 | Summon Quilbeast |
| 20:31 | Storm Hammers |
| 20:52 | Scroll of Town Portal |
| 20:55 | Circlet of Nobility |
| 20:58 | Scroll of Healing |
| 21:12 | Scroll of Protection |
| 22:12 | Mithril Forged Swords |
| 22:59 | Holy Light |
| 26:03 | Gryphon Rider |
| Select | 724 |
| Right click | 532 |
| Select group | 343 |
| Misc. action | 201 |
| Build/train/purchase | 145 |
| Use ability | 47 |
| Assign group | 25 |
| Chat | 13 |
| Minimap ping | 6 |
| Remove unit | 5 |
| Esc | 3 |
| Item give/drop | 2 |


| Healing Salve | 3 | 300 |
| Lesser Clarity Potion | 3 | 210 |
| Scroll of Speed | 1 | 50 |
| Scroll of Town Portal | 1 | 350 |
| Scroll of Healing | 4 | 1000 |
| Scroll of Protection | 4 | 600 |
| Potion of Lesser Invulnerability | 2 | 300 |
| total: | 18 | 2810g |
| Peon | 17 | 1275 | / | 0 |
| Grunt | 6 | 1200 | / | 0 |
| Raider | 12 | 2160 | / | 480 |
| Kodo Beast | 4 | 1020 | / | 240 |
| Demolisher | 16 | 3520 | / | 800 |
| total: | 55 | 9175g | / | 1520w |
| Watch Tower | 9 | 990 | / | 720 |
| Altar of Storms | 1 | 180 | / | 50 |
| Orc Burrow | 7 | 1120 | / | 280 |
| Barracks | 1 | 180 | / | 50 |
| Voodoo Lounge | 1 | 130 | / | 30 |
| War Mill | 1 | 205 | / | 0 |
| Great Hall | 2 | 770 | / | 370 |
| Beastiary | 2 | 290 | / | 280 |
| Stronghold | 2 | 630 | / | 380 |
| Fortress | 1 | 325 | / | 190 |
| total: | 24 | 3865g | / | 1780w |
| 0:03 | Peon |
| 0:14 | Altar of Storms |
| 0:17 | Peon |
| 0:20 | Orc Burrow |
| 0:35 | Peon |
| 0:38 | Barracks |
| 0:45 | Peon |
| 1:04 | Peon |
| 1:20 | Peon |
| 1:40 | Peon |
| 1:42 | Orc Burrow |
| 1:45 | Grunt |
| 2:10 | Voodoo Lounge |
| 2:19 | Feral Spirit |
| 2:39 | Grunt |
| 2:53 | Stronghold |
| 3:14 | Grunt |
| 3:28 | Chain Lighting |
| 3:36 | Orc Burrow |
| 4:10 | Grunt |
| 5:22 | Beastiary |
| 5:30 | Beastiary |
| 5:34 | War Mill |
| 5:51 | Feral Spirit |
| 6:27 | Grunt |
| 6:38 | Orc Burrow |
| 6:43 | Healing Salve |
| 6:44 | Lesser Clarity Potion |
| 6:53 | Shockwave |
| 6:54 | Shockwave |
| 6:55 | Raider |
| 6:55 | Ensnare |
| 7:00 | Raider |
| 7:22 | Grunt |
| 7:24 | Berserker Strength |
| 8:16 | Raider |
| 8:16 | Raider |
| 8:16 | Raider |
| 8:20 | Steel Melee Weapons |
| 8:24 | Healing Salve |
| 8:24 | Lesser Clarity Potion |
| 8:31 | Scroll of Speed |
| 8:41 | Reinforced Defenses |
| 10:07 | Watch Tower |
| 10:07 | Watch Tower |
| 10:21 | Great Hall |
| 10:25 | Scroll of Town Portal |
| 10:27 | Healing Salve |
| 10:27 | Lesser Clarity Potion |
| 10:52 | Kodo Beast |
| 10:52 | Kodo Beast |
| 11:38 | Watch Tower |
| 11:38 | Watch Tower |
| 11:56 | Demolisher |
| 12:05 | Peon |
| 12:05 | Peon |
| 12:27 | Demolisher |
| 12:50 | Watch Tower |
| 12:50 | Watch Tower |
| 13:04 | Orc Burrow |
| 13:17 | Peon |
| 13:18 | Peon |
| 14:00 | Orc Burrow |
| 14:04 | Fortress |
| 15:59 | Demolisher |
| 15:59 | Demolisher |
| 16:38 | Endurance Aura |
| 17:30 | Raider |
| 17:30 | Raider |
| 17:32 | Demolisher |
| 17:41 | Great Hall |
| 17:45 | Watch Tower |
| 18:04 | Peon |
| 18:04 | Peon |
| 18:05 | Peon |
| 18:54 | Chain Lighting |
| 19:35 | Demolisher |
| 19:35 | Demolisher |
| 19:35 | Burning Oil |
| 19:37 | Raider |
| 20:02 | Orc Burrow |
| 20:30 | Watch Tower |
| 20:30 | Watch Tower |
| 20:52 | Raider |
| 21:01 | Scroll of Healing |
| 21:04 | Scroll of Protection |
| 21:56 | Thorium Melee Weapons |
| 22:16 | Peon |
| 22:16 | Peon |
| 22:16 | Peon |
| 23:11 | Scroll of Healing |
| 23:12 | Scroll of Healing |
| 23:12 | Scroll of Protection |
| 23:12 | Scroll of Protection |
| 23:13 | Potion of Lesser Invulnerability |
| 23:46 | Demolisher |
| 23:47 | Demolisher |
| 23:48 | Kodo Beast |
| 23:50 | War Drums Damage Increase |
| 23:51 | Raider |
| 23:56 | Shockwave |
| 25:08 | Demolisher |
| 25:18 | Scroll of Healing |
| 25:23 | Scroll of Protection |
| 25:23 | Potion of Lesser Invulnerability |
| 25:36 | Demolisher |
| 26:11 | Demolisher |
| 26:40 | Demolisher |
| 26:43 | Kodo Beast |
| 28:27 | Arcanite Melee Weapons |
| 28:27 | Steel Armor |
| 28:29 | Steel Ranged Weapons |
| 30:12 | Demolisher |
| 30:12 | Demolisher |
| 30:12 | Demolisher |
| 30:15 | Raider |
| 30:15 | Raider |
| Right click | 1807 |
| Select | 468 |
| Assign group | 156 |
| Select group | 140 |
| Build/train/purchase | 129 |
| Use ability | 49 |
| Misc. action | 34 |
| Minimap ping | 2 |
| Item give/drop | 1 |